 Dungeon Crawl Stone Soup version 0.20.1-1-g8b1a95d66d (webtiles) character file.

103 Gargoyl the Skirmisher (level 4, -2/40 HPs)
             Began as a Centaur Abyssal Knight on Dec 7, 2017.
             Was a Follower of Lugonu.
             Slain by an iron imp (6 damage)
             ... summoned by Natasha
             ... on level 2 of the Dungeon.
             The game lasted 00:02:33 (1630 turns).

Gargoyl the Skirmisher (Centaur Abyssal Knight)     Turns: 1630, Time: 00:02:34

Health: -2/40      AC: 12    Str: 15    XL:     4   Next: 51%
Magic:  6/6        EV:  2    Int: 11    God:    Lugonu [*.....]
Gold:   127        SH:  0    Dex:  9    Spells: 3/3 levels left

rFire    . . .     SeeInvis .   a - +1 hand axe
rCold    . . .     Gourm    .   (no shield)
rNeg     . . .     Faith    .   d - +0 chain mail
rPois    .         Spirit   .   i - -1 helmet (curse)
rElec    .         Reflect  .   (no cloak)
rCorr    .         Harm     .   (no gloves)
MR       .....                  e - +0 centaur barding
Stlth    ..........             (no amulet)
Regen    0.2/turn               (no ring)
MPRegen  0.1/turn               (no ring)

@: slowed
A: hooves 3, deformed body, speed 2, tough skin 3
a: Depart the Abyss, Renounce Religion


You were on level 2 of the Dungeon.
You worshipped Lugonu.
Lugonu was aware of your devotion.
You were not hungry.

You visited 1 branch of the dungeon, and saw 2 of its levels.
You visited the Abyss 1 time.

You collected 127 gold pieces.

Inventory:

Hand Weapons
 a - a +1 hand axe (weapon)
Armour
 d - a +0 chain mail (worn)
 e - a +0 centaur barding (worn)
 i - a cursed -1 helmet (worn)
Scrolls
 b - 2 scrolls of remove curse {unknown}
 h - a scroll of blinking {unknown}
Potions
 f - a potion of heal wounds {unknown}
 j - a potion of magic
 k - a potion of invisibility
Comestibles
 c - a bread ration


   Skills:
 + Level 3.8 Fighting
 + Level 2.5 Axes
 * Level 2.1 Armour
 + Level 0.6 Dodging
 * Level 3.0 Invocations


You had 3 spell levels left.
You didn't know any spells.

Dungeon Overview and Level Annotations

Branches:
Dungeon (2/15)

Altars:

Annotations:
D:2 Natasha


Innate Abilities, Weirdness & Mutations

You have hooves in place of feet.
Armour fits poorly on your strangely shaped body.
You cover ground very quickly.
You have extremely tough skin. (AC +3)


Message History

You hit Natasha.
Natasha is severely wounded.
You hit the crimson imp.
Natasha zaps a wand.
The puff of flame hits you!
The crimson imp hits you but does no damage.
Natasha claws you but does no damage.
Unknown command.
You hit Natasha. You kick Natasha, but do no damage.
Natasha is almost dead.
You hit the iron imp but do no damage. You closely miss the crimson imp.
The crimson imp hits you but does no damage.
Natasha claws you. The iron imp hits you.
* * * LOW HITPOINT WARNING * * *
The crimson imp blinks!
Natasha mumbles some strange words.
The iron imp hits you.
* * * LOW HITPOINT WARNING * * *
It was a potion of magic.
Magic courses through your body. Natasha claws you.
* * * LOW HITPOINT WARNING * * *
The iron imp hits you.
You die...

#.......# #.# ##### #.......#
#.# ....# ###.......# #.# ###.#
#.......### #.# ###.#
#.....#.############.# ....#
#.....'............#.#
....#######.....##.#########.#.#
....................### #.#.#
.......####.....@.....# #.#.#
.......# ###..55h....# #.#.#
#.#....# #........(# #.#.#
#.###.## #.......5.# #.#.# #.
#.# ##........# #.#.# #. #.#
#........## #.#.# ..#
#.........# #)#.# ###
######....#####.#.#
#..........#.#


You could see an iron imp, Natasha and 2 crimson imps.

Vanquished Creatures
  Natasha (D:2)
  Robin (D:2)
  2 adders (D:2)
  3 worms (D:2)
  A dart slug (D:1)
  2 leopard geckos (D:2)
  4 bats
  2 giant cockroaches
  6 goblins
  6 hobgoblins
  4 jackals (D:1)
  A frilled lizard (D:2)
  2 kobolds
  2 rats (D:2)
37 creatures vanquished.

Notes
Turn   | Place    | Note
-------+----------+-------------------------------------------
     0 | Abyss:1  | Gargoyl the Centaur Abyssal Knight began the quest for the Orb.
     0 | Abyss:1  | Reached XP level 1. HP: 19/19 MP: 2/2
    41 | Abyss:2  | Noticed an eye of devastation
    62 | Abyss:2  | Noticed a hell hog
    64 | Abyss:2  | Noticed an ancient zyme
    65 | Abyss:2  | Noticed a hell hog
    65 | Abyss:2  | Noticed a hell hog
    66 | D:1      | Escaped the Abyss
    96 | D:1      | Reached * piety under Lugonu
   498 | D:1      | Reached XP level 2. HP: 22/26 MP: 3/3
   888 | D:2      | Noticed Robin
   902 | D:2      | Killed Robin
   902 | D:2      | Reached XP level 3. HP: 26/31 MP: 4/4
  1281 | D:2      | Noticed Natasha
  1289 | D:2      | Killed Natasha
  1289 | D:2      | Reached XP level 4. HP: 40/40 MP: 4/6
  1620 | D:2      | Noticed Natasha
  1630 | D:2      | Slain by an iron imp

Skill      XL: |  1  2  3  4 |
---------------+-------------+-----
Axes           | 2 |  2.5
Armour         | 2 |  2.1
Invocations    | 3 |  3.0
Fighting       | |  3.8
Dodging        | |  0.6

Action                   |  1- 3 |  4- 6 || total
-------------------------+-------+-------++-------
Melee: Hand axe          |    98 |    28 ||   126
       Kick              |    17 |     6 ||    23
Invok: Depart the Abyss  |     1 |       ||     1
  Use: Potion            |       |     1 ||     1
  Eat: Chunk             |       |     1 ||     1
Armor: Chain mail        |    91 |    18 ||   109
Dodge: Dodged            |    15 |     4 ||    19
